 Dungeon Crawl Stone Soup version 0.29.1-2-gbd0b4ee654 (webtiles) character file.

Game seed: 11733322205846771047

464 GeoRichter the Stinger (level 6, -3/41 HPs)
             Began as a Demonspawn Venom Mage on Oct 31, 2022.
             Slain by an ice beast (14 damage)
             ... on level 4 of the Dungeon.
             The game lasted 00:13:03 (6016 turns).

GeoRichter the Stinger (Demonspawn Venom Mage)      Turns: 6016, Time: 00:13:04

Health: -3/41      AC:  4    Str:  8    XL:     6   Next: 80%
Magic:  11/11      EV: 12    Int: 19    God:
Gold:   214        SH:  0    Dex: 15    Spells: 2/12 levels left

rFire   . . .      SeeInvis .   w - +5 dagger "Voch" {flame, Dex+2}
rCold   . . .      Faith    .   (no shield)
rNeg    . . .      Spirit   .   a - +0 robe
rPois   .          Reflect  .   (no helmet)
rElec   .          Harm     .   e - +1 cloak
rCorr   .          Rampage  .   (no gloves)
Will    .....                   (no boots)
Stlth   ++........              (no amulet)
HPRegen 0.13/turn               (no ring)
MPRegen 0.12/turn               (no ring)

@: no status effects
A: powered by death 1, spiny 1, weakness stinger 1
a: no special abilities


You were on level 4 of the Dungeon.
You visited 1 branch of the dungeon, and saw 4 of its levels.

You collected 214 gold pieces.

Inventory:

Hand Weapons
 w - the +5 dagger "Voch" (weapon) {flame, Dex+2}
   (You took it off a gnoll on level 3 of the Dungeon)

   It burns those it strikes, dealing additional fire damage.
   Dex:       It affects your dexterity (+2).
Missiles
 s - a curare-tipped dart {!f}
Armour
 a - a +0 robe (worn)
 e - a +1 cloak (worn)
   (You found it on level 2 of the Dungeon)
Wands
 u - a wand of digging (4)
   (You found it on level 3 of the Dungeon)
Scrolls
 c - a scroll of teleportation {unknown}
 d - a scroll of enchant weapon {unknown}
 f - 2 scrolls of brand weapon {unknown}
 l - a scroll of noise {!r}
 m - 2 scrolls of identify {@r1}
 n - a scroll of blinking {unknown}
 p - 2 scrolls of poison {!r}
 r - a scroll of torment {unknown}
 t - a scroll of enchant armour
 v - 2 scrolls of fog {unknown}
 x - a scroll of immolation {unknown}
 y - a scroll of summoning {unknown}
Potions
 b - a potion of magic
 g - 2 potions of might {unknown}
 h - a potion of flight {unknown}
 i - a potion of heal wounds {unknown}
 j - a potion of curing {unknown}
 k - a potion of haste {unknown}
 o - 2 potions of attraction {unknown}
 q - a potion of degeneration {unknown}
 z - a potion of lignification {unknown}


   Skills:
 - Level 1.7 Dodging
 - Level 1.7 Stealth
 + Level 3.5 Spellcasting
 - Level 0.8 Transmutations
 * Level 3.7 Air Magic
 * Level 5.4 Poison Magic


You had 2 spell levels left.
You knew the following spells:

 Your Spells              Type           Power      Damage    Failure   Level
a - Sting                 Tmut/Pois      60%        1d6       4%          1
b - Poisonous Vapours     Pois/Air       40%        N/A       3%          2
c - Mephitic Cloud        Conj/Pois/Air  15%        N/A       12%         3
d - Olgreb's Toxic Radia  Pois           24%        N/A       16%         4

Your spell library contained the following spells:

 Spells                   Type           Power      Damage    Failure   Level
 Apportation              Tloc           6%         N/A       14%         1
 Wereblood                Tmut           6%         N/A       16%         2
 Sublimation of Blood     Necr           3%         N/A       22%         2
 Gell's Gravitas          Tloc           3%         N/A       41%         3
 Lesser Beckoning         Tloc           3%         N/A       41%         3
 Teleport Other           Tloc           3%         N/A       41%         3
 Alistair's Intoxication  Tmut/Pois      10%        N/A       73%         5
 Fireball                 Conj/Fire      1%         3d3       99%         5
 Starburst                Conj/Fire      1%         6d3       100%        6
 Summon Hydra             Summ           1%         N/A       100%        7
 Ignition                 Fire           1%         3d3       100%        8


Dungeon Overview and Level Annotations

Branches:
Dungeon (4/15) Zot: 17966
 Temple: D:4-7

Altars:

Annotations:
D:1 2 transporters
D:4 exclusion: ice beast


Innate Abilities, Weirdness & Mutations

You regenerate a little health from kills.
You are partially covered in sharp spines.
You have a small tail.


Message History

Found a scroll labelled YSOWOZ ANLYD.
Found a stone staircase leading up.
Found an escape hatch in the floor.
v - 2 scrolls labelled YSOWOZ ANLYD (gained 1)
Okay, then.
There is a stone staircase leading down here.
t - 2 scrolls labelled ALOREN ZOESE (gained 1)
A quokka comes into view.
The sting hits the quokka.
The quokka is poisoned.
You kill the quokka!
Things that are here:
a +0 leather armour; a +0 trident A kobold comes into view.
It is wielding a +0 whip.
The sting hits the kobold.
The kobold is poisoned.
You kill the kobold!
A hobgoblin comes into view.
Things that are here:
a +0 whip; a scroll labelled FUGICS WAHIW The hobgoblin shouts!
The sting hits the hobgoblin.
The hobgoblin is poisoned.
You kill the hobgoblin!
m - 3 scrolls labelled FUGICS WAHIW (gained 1)
You see here a +0 whip.
Partly explored, can't reach some places.
Really walk into a travel-excluded area?
No reachable target in view!
No reachable target in view!
The helpless ice beast fails to defend itself.
You hit the ice beast.
You melt the ice beast.
Your tail-slap misses the ice beast.
The ice beast hits you. The ice beast freezes you!
You hit the ice beast.
You melt the ice beast.
The ice beast hits you. The ice beast freezes you!
* * * LOW HITPOINT WARNING * * *
Okay, then.
As you read the scroll labelled FUGICS WAHIW, it crumbles to dust.
It is a scroll of identify.
l - a scroll of noise The ice beast barely misses you.
The air fills with toxic fumes!
As you read the scroll labelled UBRECSUTZU, it crumbles to dust.
It was a scroll of poison.
The ice beast is struck by your spines. The ice beast misses you.
As you read the scroll labelled ALOREN ZOESE, it crumbles to dust.
It is a scroll of enchant armour.
Your +0 cloak glows green for a moment.
The ice beast is struck by your spines. The ice beast hits you.
* * * LOW HITPOINT WARNING * * *
The ice beast freezes you!
You die...

###.#.#.###.####..# ###
#§..#.#.# #.# #... ##.##
##§###.#.###.# #.>.
##.#§####§§§§........# ####
######.###§§§§§§§§...(#####
# ........#..§§§§§§##.### #
.............§§§§##§### #
.#######.######§§§§§§§# #
#.## #.#
#§@§###.###########
##.#####.# #§Y§#
#............ ##......#
##§§###.###########
##.####..# #§§§...# #...#
#..# #§##§### ....# #..#
#§##§# ##
....###..######§§§#.# #.
...............§§§..#
#####.
....###..#.####.###.##
#.....


You could see an ice beast.

Vanquished Creatures
  A kobold brigand (D:3)
  A necrophage (D:4)
  A hound (D:4)
  A jelly (D:4)
  An iguana (D:4)
  2 orc wizards (D:2)
  4 gnolls
  7 adders
  A dart slug (D:1)
  5 worms
  7 orcs
  7 ball pythons
  10 endoplasms
  2 giant cockroaches
  7 hobgoblins
  4 quokkas
  5 bats
  6 frilled lizards
  4 goblins
  9 kobolds
  2 rats
87 creatures vanquished.

Notes
Turn   | Place    | Note
-------+----------+-------------------------------------------
     0 | D:1      | GeoRichter the Demonspawn Venom Mage began the quest for
                  | the Orb.
     0 | D:1      | Reached XP level 1. HP: 13/13 MP: 3/3
   161 | D:1      | Found a faded altar of an unknown god.
   459 | D:1      | Gained mutation: You are partially covered in sharp spines.
                  | [demonic ancestry]
   459 | D:1      | Reached XP level 2. HP: 19/19 MP: 0/5
   551 | D:1      | Learned a level 2 spell: Poisonous Vapours
  1388 | D:2      | Gained mutation: You regenerate a little health from kills.
                  | [demonic ancestry]
  1388 | D:2      | Reached XP level 3. HP: 24/24 MP: 4/6
  1568 | D:2      | Reached skill level 1 in Air Magic
  1625 | D:2      | Reached skill level 4 in Poison Magic
  1868 | D:2      | Reached XP level 4. HP: 30/30 MP: 0/8
  2003 | D:2      | Learned a level 3 spell: Mephitic Cloud
  2987 | D:3      | Noticed a kobold brigand
  3006 | D:3      | Killed a kobold brigand
  3007 | D:3      | Reached XP level 5. HP: 16/35 MP: 1/9
  3659 | D:3      | Learned a level 4 spell: Olgreb's Toxic Radiance
  4176 | D:3      | Identified the +5 dagger "Voch" {flame, Dex+2}
  4698 | D:3      | Gained mutation: You have a small tail. [demonic ancestry]
  4698 | D:3      | Reached XP level 6. HP: 27/41 MP: 2/10
  4921 | D:4      | Reached skill level 5 in Poison Magic
  5380 | D:4      | Noticed an ice beast
  6016 | D:4      | Slain by an ice beast

Illustrated notes

Levels and vault maps discovered:
D:1:      spicycebolla_arrival_transporter_tutorial, layout_basic,
          hellmonk_ecumenical_altar_run_dry, kennysheep_minor_cross
D:2:      layout_basic
D:3:      layout_loops_corners, minmay_divided_ellipse
D:4:      layout_loops_ring, st_stairs_14

Skill      XL: |  1  2  3  4  5  6 |
---------------+-------------------+-----
Air Magic      | 1 2 3 |  3.7
Poison Magic   | 4 5 |  5.4
Spellcasting   | 3 |  3.5
Dodging        | |  1.7
Stealth        | |  1.7
Transmutations | |  0.8

Action                   |  1- 3 |  4- 6 || total
-------------------------+-------+-------++-------
Melee: Short sword       |    14 |    45 ||    59
       Dagger            |       |    33 ||    33
       Tailslap          |       |     3 ||     3
       Punch             |       |     1 ||     1
 Cast: Sting             |    25 |    35 ||    60
       Poisonous Vapours |    21 |    59 ||    80
  Use: Scroll            |       |     3 ||     3
 Stab: Sleeping          |     1 |     2 ||     3
Armor: Robe              |     2 |    10 ||    12
Dodge: Dodged            |     7 |    37 ||    44
